 Dungeon Crawl Stone Soup version 0.28-a0-862-g58c29a6370 (webtiles) character file.

Game seed: 1701160095886177251

6643 Peloso the Carver (level 10, -3/91 HPs)
             Began as a Minotaur Fighter on Nov 16, 2021.
             Was a High Priest of Okawaru.
             Slain by Snorg (13 damage)
             ... on level 10 of the Dungeon.
             The game lasted 00:21:24 (9285 turns).

Peloso the Carver (Minotaur Fighter)                Turns: 9285, Time: 00:21:25

Health: -3/91      AC: 20    Str: 23    XL:     10   Next: 72%
Magic:  7/9        EV: 10    Int:  5    God:    Okawaru [*****.]
Gold:   390        SH:  7    Dex: 11    Spells: 9/9 levels left

rFire   . . .      SeeInvis .   a - +0 long sword
rCold   . . .      Faith    .   c - +0 buckler
rNeg    . . .      Spirit   .   u - +0 plate armour
rPois   .          Reflect  .   (helmet restricted)
rElec   .          Harm     .   h - +0 cloak
rCorr   .          Rampage  .   (no gloves)
Will    .....                   x - +0 pair of boots
Stlth   ..........              p - amulet of regeneration
HPRegen 1.25/turn               (no ring)
MPRegen 0.11/turn               (no ring)

@: heroic
A: horns 2, retaliatory headbutt
a: Renounce Religion, Heroism, Finesse, Duel


You were on level 10 of the Dungeon.
You worshipped Okawaru.
Okawaru was extremely pleased with you.
You visited 2 branches of the dungeon, and saw 11 of its levels.

You collected 465 gold pieces.
You spent 75 gold pieces at shops.

Inventory:

Hand Weapons
 a - a +0 long sword (weapon)
 b - a +0 dagger of venom
Missiles
 B - 2 throwing nets (quivered)
Armour
 c - a +0 buckler (worn)
 g - a +0 chain mail
 h - a +0 cloak (worn)
 u - a +0 plate armour (worn)
 x - a +0 pair of boots (worn)
 D - a +0 pair of boots
Jewellery
 p - an amulet of regeneration (around neck)
 E - a ring of protection from fire
 F - a ring of magical power
 H - a ring of flight
 I - an amulet of guardian spirit
 J - a ring of protection from cold
Wands
 k - a wand of charming (9)
 n - a wand of mindburst (12)
 s - a wand of paralysis (11)
 y - a wand of acid (3)
 z - a wand of flame (13)
Scrolls
 e - a scroll of holy word {unknown}
 f - 4 scrolls of identify
 l - 2 scrolls of amnesia {unknown}
 m - a scroll of teleportation {unknown}
 r - a scroll of fog {unknown}
 t - 2 scrolls of fear {unknown}
 v - a scroll of vulnerability {unknown}
 w - a scroll of summoning {unknown}
 C - a scroll of noise {unknown}
 G - a scroll of enchant armour
 K - 2 scrolls of enchant weapon {unknown}
Potions
 d - 4 potions of might
 i - a potion of haste
 j - 3 potions of attraction
 o - a potion of degeneration {unknown}
 q - a potion of mutation
 A - a potion of brilliance


   Skills:
 + Level 9.4(14.4) Fighting
 + Level 12.9(17.9) Long Blades
 + Level 9.8(14.8) Armour
 + Level 2.4(7.4) Dodging
 + Level 0.6(5.6) Stealth
 + Level 8.3(13.3) Shields
 + Level 0.4 Invocations


You had 9 spell levels left.
You didn't know any spells.
Your spell library contained the following spells:

 Spells                   Type           Power      Damage    Failure   Level
 Beastly Appendage        Tmut           0%         N/A       99%         1
 Magic Dart               Conj           0%         1d3       99%         1
 Searing Ray              Conj           0%         2d4       100%        2
 Sublimation of Blood     Necr           0%         N/A       100%        2
 Wereblood                Tmut           0%         N/A       100%        2
 Gell's Gravitas          Tloc           0%         N/A       100%        3
 Lesser Beckoning         Tloc           0%         N/A       100%        3
 Spider Form              Tmut/Pois      0%         N/A       100%        3
 Teleport Other           Tloc           0%         N/A       100%        3
 Fulminant Prism          Conj/Hex       0%         3d6       100%        4
 Summon Hydra             Summ           Unusable   N/A       N/A         7

Dungeon Overview and Level Annotations

Branches:
Dungeon (10/15)            Temple (1/1) D:4            Lair (0/6) D:8
    Orc: D:9-12

Altars:
Ashenzari
Cheibriados
Dithmenos
Elyvilon
Fedhas
Gozag
Hepliaklqana
Kikubaaqudgha
Makhleb
Nemelex Xobeh
Okawaru
Ru
Sif Muna
Trog
Uskayaw
Vehumet
Wu Jian
Xom
Zin
The Shining One

Shops:
D:8 *

Annotations:
D:10 Snorg


Innate Abilities, Weirdness & Mutations

You have a pair of horns on your head.
You reflexively headbutt those who attack you in melee.


Message History

Snorg bites you. Snorg claws you! Snorg claws you but does no damage.
You closely miss Snorg. Your headbutt misses Snorg.
Snorg is lightly wounded.
You barely miss Snorg. Your headbutt misses Snorg.
Snorg is lightly wounded.
Snorg bites you! Snorg claws you but does no damage. x2
You hit Snorg.
Snorg is lightly wounded.
Snorg bites you. Snorg claws you but does no damage. x2
You slash Snorg!
Snorg is moderately wounded.
Snorg closely misses you. Snorg claws you! Snorg barely misses you.
You hit Snorg.
Snorg is moderately wounded.
Snorg goes berserk!
You hit Snorg. Your headbutt misses Snorg.
Snorg is moderately wounded.
Snorg closely misses you. Snorg claws you but does no damage.
Snorg completely misses you.
You slash Snorg!
Snorg is heavily wounded.
Snorg bites you!! Snorg claws you but does no damage. x2
You gain the combat prowess of a mighty hero.
Snorg bites you! Snorg claws you but does no damage. Snorg claws you!
* * * LOW HITPOINT WARNING * * *
You hit Snorg. Your headbutt misses Snorg.
Snorg is heavily wounded.
You block Snorg's attack. x2; Snorg barely misses you.
You closely miss Snorg.
Snorg is heavily wounded.
Snorg barely misses you. Snorg closely misses you. You block Snorg's attack.
You slash Snorg! You headbutt Snorg!
Snorg is heavily wounded.
Snorg bites you!
* * * LOW HITPOINT WARNING * * *
You block Snorg's attack. x3; Snorg claws you.
* * * LOW HITPOINT WARNING * * *
Snorg closely misses you.
It was a potion of cancellation.
You feel magically purged. Snorg bites you!
You die...

.. #.!.... ..
..##.........
.........#..
..!......#.#
.........#!####
..............#
#....T.......#
#.....@...>..#
#..........###
#.......(..#####
....##...........#
.....
#...^....##.#
..... #........<#
.....##....#+#..#
.........#....#
..#
..............#
..#


You could see Snorg (berserk).

Vanquished Creatures
  A two-headed ogre (D:8)
  A gargoyle (D:7)
  A troll (D:9)
  A hornet (D:9)
  Prince Ribbit (D:7)
  A shadow (D:10)
  A wraith (D:8)
  A wyvern (D:8)
  2 wargs (D:8)
  2 water moccasins
  2 orc warriors
  5 ice beasts
  2 sky beasts
  5 ogres
  A hornet zombie (D:8)
  2 necrophages
  4 centaurs
  2 phantoms
  A bullfrog (D:7)
  A kobold brigand (D:4)
  A scorpion (D:5)
  A water moccasin zombie (D:7)
  A water moccasin skeleton (D:5)
  7 killer bees
  6 howler monkeys
  7 wights
  2 bullfrog zombies
  2 centaur zombies
  2 bullfrog skeletons (D:4)
  2 hounds
  Crazy Yiuf (D:5)
  3 gnoll shamans
  3 orc priests
  3 iguanas
  Ijyb (D:5)
  8 orc wizards
  2 scorpion zombies (D:4)
  2 hound skeletons
  A howler monkey zombie (D:4)
  5 adders
  18 gnolls
  A howler monkey skeleton (D:7)
  A shadow imp (D:5)
  3 white imps
  2 ufetubi
  2 adder skeletons (D:4)
  2 adder zombies (D:4)
  A worm (D:2)
  2 dart slugs
  18 orcs
  7 ball pythons
  5 endoplasms
  5 giant cockroaches
  5 goblins
  9 hobgoblins
  4 jackals (D:2)
  5 quokkas
  7 bats
  7 kobolds
  4 rats
205 creatures vanquished.

Vanquished Creatures (others)
  2 fungi (D:3)
  2 plants (D:3)
  4 withered plants (D:4)
8 creatures vanquished.

Grand Total: 213 creatures vanquished

Notes
Turn   | Place    | Note
-------+----------+-------------------------------------------
     0 | D:1      | Peloso the Minotaur Fighter began the quest for the Orb.
     0 | D:1      | Reached XP level 1. HP: 19/19 MP: 0/0
   399 | D:1      | Reached XP level 2. HP: 20/27 MP: 1/1
  1462 | D:2      | Reached XP level 3. HP: 33/33 MP: 2/2
  1467 | D:2      | Reached skill level 3 in Long Blades
  2059 | D:3      | You fall into a shaft and drop 2 floors!
  2059 | D:5      | Entered Level 5 of the Dungeon
  2059 | D:5      | Noticed Ijyb
  2060 | D:5      | Noticed an ice beast
  2089 | D:4      | Reached skill level 4 in Long Blades
  2089 | D:4      | Reached XP level 4. HP: 14/41 MP: 3/3
  2103 | D:4      | Reached XP level 5. HP: 10/47 MP: 4/4
  2314 | D:4      | Reached skill level 5 in Long Blades
  2314 | D:4      | Reached skill level 5 in Armour
  2319 | D:4      | Reached XP level 6. HP: 34/53 MP: 5/5
  2449 | D:4      | Noticed an ice beast
  2454 | D:4      | Killed an ice beast
  2455 | D:4      | Found a staircase to the Ecumenical Temple.
  2465 | Temple   | Entered the Ecumenical Temple
  2565 | Temple   | Became a worshipper of Warmaster Okawaru
  2667 | D:4      | Reached skill level 6 in Long Blades
  3426 | D:3      | Found a faded altar of an unknown god.
  3801 | D:4      | Reached skill level 5 in Fighting
  3842 | D:4      | Reached skill level 5 in Shields
  3842 | D:4      | Reached XP level 7. HP: 6/61 MP: 6/6
  3943 | D:4      | Reached * piety under Okawaru
  3944 | D:4      | Reached skill level 7 in Long Blades
  3975 | D:4      | Found a shimmering blue altar of Sif Muna.
  4128 | D:4      | Reached skill level 1 in Dodging
  4511 | D:5      | Found a runed translucent door.
  4591 | D:6      | Reached XP level 8. HP: 67/69 MP: 7/7
  4636 | D:5      | Reached skill level 8 in Long Blades
  4705 | D:5      | Reached ** piety under Okawaru
  4712 | D:5      | Killed Ijyb
  4853 | D:5      | Reached skill level 9 in Long Blades
  5138 | D:5      | Noticed Crazy Yiuf
  5144 | D:5      | Killed Crazy Yiuf
  5356 | D:6      | Reached *** piety under Okawaru
  5357 | D:6      | Reached XP level 9. HP: 78/78 MP: 8/8
  5854 | D:7      | Reached skill level 10 in Long Blades
  6808 | D:7      | Noticed a gargoyle
  6817 | D:7      | Killed a gargoyle
  6817 | D:7      | Reached **** piety under Okawaru
  6818 | D:7      | Reached skill level 11 in Long Blades
  6981 | D:7      | Found a sparkling altar of Nemelex Xobeh.
  7052 | D:7      | Noticed Prince Ribbit
  7076 | D:7      | Killed Prince Ribbit
  7415 | D:7      | Reached XP level 10. HP: 69/88 MP: 9/9
  7464 | D:8      | Found Ronaowko's General Store.
  7476 | D:8      | Bought a scroll of enchant armour for 75 gold pieces
  7505 | D:8      | Noticed a two-headed ogre
  7514 | D:8      | Killed a two-headed ogre
  7514 | D:8      | Reached ***** piety under Okawaru
  7515 | D:8      | Reached skill level 12 in Long Blades
  7920 | D:8      | Identified the +2 ring mail of Honesty {rPois rF+ Dex-4
                  | SInv}
  7963 | D:8      | Found a staircase to the Lair.
  8358 | D:10     | Entered Level 10 of the Dungeon
  8392 | D:9      | Found a radiant altar of Vehumet.
  8392 | D:9      | Found a bloodstained altar of Trog.
  8398 | D:9      | Found a shadowy altar of Dithmenos.
  8400 | D:9      | Found a faded altar of an unknown god.
  8401 | D:9      | Found a burning altar of Makhleb.
  9268 | D:10     | Noticed Snorg
  9285 | D:10     | Slain by Snorg

Illustrated notes

Levels and vault maps discovered:
D:1:      heliophobic_arrival_enchanted_forest, layout_loops_corners, hex_tiny,
          wad_floor_pattern_2, minmay_tromino_v2
D:2:      layout_loops_ring
D:3:      layout_basic, shapermc_ecumenical_altar_ellora
D:4:      layout_loops_ring, lemuel_doored_altar, temple_green, serial_undead,
          serial_undead_f, serial_undead_b, serial_undead_e, serial_undead_a,
          kennysheep_flooded_box, serial_park_tiny_pond, minmay_bent
D:5:      layout_loops_ring, uniq_ijyb, uniq_crazy_yiuf_cottage
D:6:      layout_layer_cave
D:7:      layout_basic, nemelex_dance_club_becter, uniq_prince_ribbit1
D:8:      layout_loops_ring, erik_lair_orcish_takeover, serial_shops,
          nicolae_shop_hallway_plus
D:9:      layout_small_grid, chequers_temple_overflow_minitemple,
          minmay_variable_closet
D:10:     layout_basic, erik_orc_1, uniq_snorg, uniq_joseph
Temple:   eino_temple_scatter_basement

Skill      XL: |  1  2  3  4  5  6  7  8  9 10 |
---------------+-------------------------------+-----
Armour         | 4 5 6 7 8 9 |  9.8
Fighting       | 4 5 6 7 9 |  9.4
Shields        | 4 5 6 7 8 |  8.3
Long Blades    | 4 5 6 7 9 11 12 | 12.9
Dodging        | 1 2 |  2.4
Stealth        | |  0.6
Invocations    | |  0.4

Action                   |  1- 3 |  4- 6 |  7- 9 | 10-12 || total
-------------------------+-------+-------+-------+-------++-------
Melee: Long sword        |    90 |   116 |   359 |   181 ||   746
       Headbutt          |    12 |    30 |    72 |    36 ||   150
Invok: Heroism           |       |       |     1 |     3 ||     4
Evoke: Wand              |       |     1 |       |       ||     1
  Use: Scroll            |       |       |     5 |       ||     5
       Potion            |       |       |       |     1 ||     1
Armor: Chain mail        |    60 |    58 |    25 |       ||   143
       Plate armour      |       |       |   187 |   139 ||   326
Dodge: Dodged            |    34 |    35 |   108 |    93 ||   270
Block: Buckler           |    11 |    17 |    78 |    62 ||   168

Table legend: (Time is in decaauts)
 A = Elapsed time spent in this place.
 B = Non-inter-level travel time spent in this place.
 C = Inter-level travel time spent in this place.
 D = Time resting spent in this place.
 E = Time spent auto-exploring this place.
 F = Levels seen in this place.
 G = Mean time per level.
                   A        B        C        D        E       F      G
               +--------+--------+--------+--------+--------+-----+--------+
         Total |   9298 |   9056 |    242 |    927 |   5755 |  11 |  845.3 |
       Dungeon |   9178 |   8936 |    242 |    927 |   5686 |  10 |  917.8 |
        Temple |    119 |    119 |      0 |      0 |     69 |   1 |  119.0 |
               +--------+--------+--------+--------+--------+-----+--------+

Top non-repeatable levels by time:
     D:4: 1468 daAuts
     D:1: 1365 daAuts
     D:6: 1167 daAuts
     D:8: 994 daAuts
     D:7: 974 daAuts
     D:3: 871 daAuts
     D:9: 750 daAuts
     D:5: 748 daAuts
     D:2: 643 daAuts
    D:10: 194 daAuts
  Temple: 119 daAuts
